 Dungeon Crawl Stone Soup version 0.32-a0-132-g2d33c3cfaf (webtiles) character file.

Game seed: 16357999916312710785

39 sanka the Shooter (level 3, -4/21 HPs)
             Began as a Deep Elf Hunter on Feb 9, 2024.
             Killed from afar by Sigmund (12 damage)
             ... with a puff of flame
             ... on level 2 of the Dungeon.
             The game lasted 00:01:28 (1094 turns).

sanka the Shooter (Deep Elf Hunter)                 Turns: 1094, Time: 00:01:29

Health: -4/21      AC:  4    Str:  8    XL:     3   Next: 26%
Magic:  5/5        EV: 12    Int: 13    God:
Gold:   63         SH:  0    Dex: 20    Spells: 2/2 levels left

rFire   . . .        a - +0 shortbow
rCold   . . .        (shield currently unavailable)
rNeg    . . .        c - +0 leather armour
rPois   .            (no helmet)
rElec   .            (no cloak)
rCorr   .            d - +0 pair of gloves
SInv    .            (no boots)
Will    .....        (no amulet)
Stlth   +            (no ring)
HPRegen 0.23/turn    (no ring)
MPRegen 0.09/turn

%: no passive effects
@: confused
A: no striking features
a: no special abilities


You were on level 2 of the Dungeon.
You visited 1 branch of the dungeon, and saw 2 of its levels.

You collected 63 gold pieces.


   Skills:
 - Level 2.0 Fighting
 + Level 6.5 Ranged Weapons
 - Level 2.4 Dodging
 - Level 1.2 Stealth


You had 2 spell levels left.
You didn't know any spells.
Your spell library contained the following spells:

 Spells                   Type           Power      Damage    Failure   Level
 Freeze                   Ice            0%         1d3       41%         1
 Frozen Ramparts          Ice            0%         1d1       80%         3
 Hailstorm                Conj/Ice       0%         3d5       80%         3

Inventory:

Hand Weapons
 a - a +0 shortbow (weapon)
Armour
 c - a +0 leather armour (worn)
 d - a +0 pair of gloves (worn)
Scrolls
 b - a scroll of butterflies
 e - a scroll of identify {unknown}

Dungeon Overview and Level Annotations

Branches:
Dungeon (2/15)

Altars:

Annotations:
D:2 Sigmund

....... ▒.... ....
▒.▒▒▒▒▒▒▒.▒▒
▒▒▒▒▒▒▒...........
..!.....▒▒.▒▒▒▒▒▒
..▒▒▒▒▒.▒▒@▒
▒.▒▒▒▒▒.▒▒.▒
▒......▒▒e▒ ▒.
▒.▒▒▒▒▒.▒▒.▒ ▒. .
▒.▒▒.▒▒ ▒. ..
▒▒.▒...▒▒ ▒.▒▒▒.
▒▒▒.▒.....▒▒ ....
▒..▒▒▒.>...▒ ▒).▒
▒.▒▒ ▒▒....▒ ▒..▒
▒..▒▒▒...▒.▒
▒▒▒.<▒ ▒[▒.▒)▒.▒▒
▒


You could see Sigmund.


Message History

You shoot an arrow.
The arrow hits Sigmund but does no damage.
Sigmund is heavily wounded.
You shoot an arrow. The arrow barely misses Sigmund.
Sigmund points at you and mumbles some strange words.
You are confused.
You aren't carrying any potions.
Sigmund attacks as he pursues you!
Sigmund hits you from afar with a +0 scythe!
You bump into the rock wall.
You bump into the rock wall.
Sigmund hits you from afar with a +0 scythe.
Sigmund attacks as he pursues you! Sigmund misses you.
You bump into the rock wall.
You feel less confused.
Sigmund points at you and mumbles some strange words.
You are confused.
You're too confused to move!
You bump into the rock wall.
Sigmund casts a spell at you. The magic dart hits you.
* * * LOW HITPOINT WARNING * * *
You bump into the rock wall.
Sigmund zaps a wand.
The puff of flame hits you!
Ouch! That really hurt!
You die...
Sigmund begins carving another notch in his scythe.

Action                     || total
---------------------------++-------
   Fire: Shortbow          ||    80
 Armour: Leather armour    ||    22
  Dodge: Dodged            ||    13

Levels and vault maps discovered:
D:1:      minmay_arrival_five_plusses, layout_basic,
          ebering_ecumenical_altar_mist, serial_aquarium,
          aquarium_bridge_island_small [aquarium_subvault_small_open,
          aquarium_subvault_wall, aquarium_subvault_window,
          aquarium_subvault_bridge, aquarium_subvault_wall],
          aquarium_bridge_square [aquarium_subvault_bridge,
          aquarium_subvault_bridge, aquarium_subvault_balcony,
          aquarium_subvault_bridge], aquarium_window_1, aquarium_window_fake,
          aquarium_view_2d
D:2:      layout_loops_ring, serial_aquarium, aquarium_bridge_straight
          [aquarium_subvault_bridge, aquarium_subvault_window,
          aquarium_subvault_bridge, aquarium_subvault_balcony],
          aquarium_window_fake, aquarium_window_corner, aquarium_view_2e,
          aquarium_balcony_5b, aquarium_pool_four, guppyfry_early_lair_pool,
          uniq_sigmund, uniq_robin, uniq_jessica

Notes
Turn   | Place    | Note
-------+----------+-------------------------------------------
     0 | D:1      | sanka the Deep Elf Hunter began the quest for the Orb.
     0 | D:1      | Reached XP level 1. HP: 12/12 MP: 3/3
   124 | D:1      | Reached skill level 2 in Fighting
   124 | D:1      | Reached XP level 2. HP: 17/17 MP: 4/4
   389 | D:1      | Found a faded altar of an unknown god.
   420 | D:1      | Reached skill level 6 in Ranged Weapons
   794 | D:1      | Reached XP level 3. HP: 21/21 MP: 5/5
  1076 | D:2      | Identified a +2 robe of resistance
  1076 | D:2      | Noticed Sigmund
  1094 | D:2      | Killed from afar by Sigmund

Vanquished Creatures
  An adder (D:2)
  2 bats (D:1)
  4 endoplasms (D:1)
  2 giant cockroaches (D:1)
  5 goblins
  3 hobgoblins (D:1)
  A quokka (D:1)
  5 ball pythons (D:1)
  2 frilled lizards (D:1)
  2 rats (D:1)
27 creatures vanquished.
